 Dungeon Crawl Stone Soup version 0.19-a0-1019-g9c6a58d (webtiles) character file.

11596 Duffy the Grappler (level 11, -6/105 HPs)
             Began as a Troll Monk on July 26, 2016.
             Was the Champion of Cheibriados.
             Mangled by a six-headed hydra (10 damage)
             ... on level 11 of the Dungeon.
             The game lasted 00:12:59 (8610 turns).

Duffy the Grappler (Troll Monk)                     Turns: 8610, Time: 00:13:00

Health: -6/105     AC: 15    Str: 36    XL:     11   Next: 51%
Magic:  1/16       EV: 12    Int: 23    God:    Cheibriados [******]
Gold:   331        SH: 13    Dex: 28    Spells: 0 memorised, 10 levels left

rFire  . . .     SeeInvis .       - Unarmed
rCold  . . .     Gourm    +     x - +0 troll leather armour
rNeg   . . .     Faith    .     N - +0 shield
rPois  +         Spirit   .     H - +1 hat
rElec  .         Dismiss  .     I - +2 cloak
rCorr  .         Reflect  .     (gloves unavailable)
SustAt .         Harm     .     (boots unavailable)
MR     .....                    (no amulet)
Stlth  ++........               t - +4 ring of protection
                                u - ring of poison resistance

@: very slow, not resistant to hostile enchantments, unstealthy
A: unfitting armour, claws 3, fast metabolism 3, gourmand, regeneration 2,
shaggy fur 1, tough skin 2
a: Bend Time, Temporal Distortion, Slouch, Step From Time, Renounce Religion


You were on level 11 of the Dungeon.
You worshipped Cheibriados.
Cheibriados was exalted by your worship.
You were very full.

You visited 2 branches of the dungeon, and saw 12 of its levels.

You collected 619 gold pieces.
You spent 288 gold pieces at shops.


Innate Abilities, Weirdness & Mutations

You are too large for most types of armour.
You have claws for hands.
Your metabolism is lightning-fast.
You like to eat raw meat.
You heal very quickly.
You are covered in fur. (AC +1)
You have very tough skin. (AC +2)


   Skills:
 - Level 6.2 Fighting
 - Level 3.6 Dodging
 - Level 1.1 Stealth
 + Level 6.2 Shields
 - Level 12.0 Unarmed Combat
 + Level 8.6 Invocations


You had 10 spell levels left.
You didn't know any spells.

Inventory:

Missiles
 l - 6 tomahawks (quivered)
 y - 2 throwing nets
Armour
 x - a +0 troll leather armour (worn)
 H - a +1 hat (worn)
 I - a +2 cloak (worn)
 N - a +0 shield (worn)
Jewellery
 f - a +3 ring of strength
 m - an uncursed ring of fire
 t - a +4 ring of protection (right claw)
 u - a ring of poison resistance (left claw)
 G - an uncursed ring of protection from magic
Wands
 o - a wand of polymorph (18/24)
 q - a wand of heal wounds (6/9)
 E - a wand of slowing (21/48)
 J - a wand of iceblast (8/15)
 K - a wand of acid (0/15)
Scrolls
 e - a scroll of magic mapping
 i - 5 scrolls of teleportation
 j - a scroll of recharging
 A - a scroll of fog
 B - 3 scrolls of remove curse
 C - a scroll of fear
 F - 3 scrolls of blinking
 M - a scroll of enchant armour
Potions
 a - a potion of mutation {unknown}
 d - a potion of brilliance {unknown}
 g - a potion of heal wounds {unknown}
 h - 3 potions of cure mutation
 k - 2 potions of agility
 n - 4 potions of curing
 s - 2 potions of flight {unknown}
 v - 3 potions of degeneration
 z - 2 potions of lignification {unknown}
 D - a potion of might {unknown}
 L - a potion of berserk rage {unknown}
Miscellaneous
 O - a sack of spiders
Comestibles
 b - 7 bread rations
 c - 7 royal jellies
 p - 3 chunks of flesh
 r - a slice of pizza
 w - 4 meat rations

Dungeon Overview and Level Annotations

Branches:
Dungeon (11/15)            Temple (1/1) D:5            Lair (0/6) D:9
    Orc (0/2) D:10

Altars:
Ashenzari
Cheibriados
Dithmenos
Elyvilon
Fedhas
Hepliaklqana
Kikubaaqudgha
Makhleb
Nemelex Xobeh
Okawaru
Pakellas
Qazlal
Ru
Sif Muna
Trog
Uskayaw
Vehumet
Xom
Yredelemnul
Zin
The Shining One

Shops:
D:7 ?([=%   D:10 [


Message History

You kill the deep elf mage!
Cheibriados thoroughly appreciates the change of pace.
Your Shields skill increases to level 6!
You feel somewhat less full. The six-headed hydra bites you!
The six-headed hydra closely misses you.
You block the six-headed hydra's attack.
The six-headed hydra barely misses you. The six-headed hydra misses you.
The six-headed hydra bites you!
Use which ability? (? or * to list)
You can feel time thicken for a moment.
You kill the manticore!
Cheibriados thoroughly appreciates the change of pace.
You destroy the hungry ghost!
Cheibriados appreciates the change of pace.
You feel somewhat less full.
The six-headed hydra bites you but does no damage.
The six-headed hydra bites you. x2
You block the six-headed hydra's attack.
The six-headed hydra bites you but does no damage. x2
Okay, then.
Evoke which item? (* to show all) (? for menu, Esc to quit)
Zapping:
q - a wand of heal wounds (8/9)
Press: ? - help, Shift-Dir - straight line, f - you You feel much better.
This wand has 7 charges left.
The six-headed hydra bites you.
The six-headed hydra bites you but does no damage.
You block the six-headed hydra's attack.
The six-headed hydra closely misses you.
You block the six-headed hydra's attack.
The six-headed hydra bites you!
Evoke which item? (* to show all) (? for menu, Esc to quit)
Zapping:
q - a wand of heal wounds (7/9)
Press: ? - help, Shift-Dir - straight line, f - you You feel much better.
This wand has 6 charges left.
The six-headed hydra misses you.
You block the six-headed hydra's attack.
The six-headed hydra bites you but does no damage. x2
You block the six-headed hydra's attack.
The six-headed hydra bites you!
Evoke which item? (* to show all) (? for menu, Esc to quit)
Zapping:
K - a wand of acid (will waste charges)
Press: ? - help, Shift-Dir - straight line, f - six-headed hydra
Aim: a six-headed hydra (severely wounded)
The bolt of acid hits the six-headed hydra.
The six-headed hydra is almost dead.
Evoking this partially-identified wand wasted a few charges.
The six-headed hydra bites you!
You block the six-headed hydra's attack. x2
The six-headed hydra misses you. The six-headed hydra bites you! x2
You die...

. . 8+8 # #[## #..##
###.#.. #...#####
...#.) #........
##.#/## #......#
#..8D8# #......+
#...@.# ##......#
#.....######.......#
#.............####.#
##+#......#..#...+.#
+......#..#...#.#
+......#..#...'.#
#......#..#####.##
#......#..........
#.$....#..........


You could see a six-headed hydra.

Action                   |  1- 3 |  4- 6 |  7- 9 | 10-12 || total
-------------------------+-------+-------+-------+-------++-------
Melee: Unarmed           |    67 |   153 |   210 |   329 ||   759
       Punch             |       |     2 |    13 |     8 ||    23
Invok: Slouch            |       |       |       |     4 ||     4
Evoke: Wand              |       |       |       |     5 ||     5
  Use: Scroll            |       |     5 |     8 |    10 ||    23
       Potion            |       |       |       |     1 ||     1
 Stab: Sleeping          |     1 |     5 |     5 |     3 ||    14
       Distracted        |       |     1 |       |     1 ||     2
       Invisible         |       |       |       |    13 ||    13
  Eat: Chunk             |     9 |    16 |    23 |    22 ||    70
Armor: Robe              |    18 |    37 |    48 |       ||   103
       Troll leather arm |       |       |       |   104 ||   104
Dodge: Dodged            |    32 |    83 |    86 |   166 ||   367
Block: Shield            |       |       |       |   186 ||   186

Notes
Turn   | Place    | Note
-------+----------+-------------------------------------------
     0 | D:1      | Duffy the Troll Monk began the quest for the Orb.
     0 | D:1      | Reached XP level 1. HP: 22/22 MP: 0/0
   127 | D:2      | Reached XP level 2. HP: 29/29 MP: 1/1
   180 | D:2      | Reached skill level 4 in Unarmed Combat
   184 | D:2      | Reached XP level 3. HP: 35/36 MP: 2/2
   381 | D:4      | Noticed Sigmund
   407 | D:5      | Entered Level 5 of the Dungeon
   550 | D:5      | Reached XP level 4. HP: 44/44 MP: 3/3
   613 | D:5      | Reached skill level 5 in Unarmed Combat
   655 | D:5      | Found a snail-covered altar of Cheibriados.
   663 | D:5      | Became a worshipper of Cheibriados the Contemplative
   663 | D:5      | Reached * piety under Cheibriados
   663 | D:5      | Reached ** piety under Cheibriados
   722 | D:5      | Reached XP level 5. HP: 44/50 MP: 4/4
   759 | D:5      | Noticed a centaur
   768 | D:5      | Killed a centaur
   768 | D:5      | Reached skill level 6 in Unarmed Combat
   812 | D:5      | Reached XP level 6. HP: 59/59 MP: 5/5
   813 | D:5      | Reached skill level 7 in Unarmed Combat
   887 | D:5      | Found a stormy altar of Qazlal.
   945 | D:5      | Found a staircase to the Ecumenical Temple.
   949 | Temple   | Entered the Ecumenical Temple
  1319 | D:2      | Reached *** piety under Cheibriados
  2091 | D:1      | You fall through a shaft!
  2549 | D:3      | Reached **** piety under Cheibriados
  2590 | D:3      | Found a hide-covered altar of Uskayaw.
  2609 | D:3      | Reached skill level 8 in Unarmed Combat
  2814 | D:3      | Reached XP level 7. HP: 66/66 MP: 6/6
  2901 | D:3      | Found a faded altar of an unknown god.
  3280 | D:4      | Reached skill level 9 in Unarmed Combat
  3396 | D:4      | Noticed Natasha
  3404 | D:4      | Killed Natasha
  3611 | D:4      | Noticed Natasha
  3618 | D:4      | Killed Natasha
  3623 | D:4      | Noticed Natasha
  3636 | D:4      | Killed Natasha
  3636 | D:4      | Reached ***** piety under Cheibriados
  3640 | D:4      | Killed Sigmund
  3640 | D:4      | Reached XP level 8. HP: 63/74 MP: 4/7
  3673 | D:4      | Noticed Duvessa
  3675 | D:4      | Reached skill level 10 in Unarmed Combat
  3723 | D:4      | Noticed Dowan
  3723 | D:4      | Killed Duvessa
  3732 | D:4      | Killed Dowan
  4169 | D:5      | Found a runed door.
  4195 | D:5      | Noticed Blork the orc
  4200 | D:5      | Killed Blork the orc
  4466 | D:5      | Noticed Crazy Yiuf
  4470 | D:5      | Killed Crazy Yiuf
  4531 | D:6      | Reached skill level 11 in Unarmed Combat
  4637 | D:6      | Reached skill level 3 in Fighting
  4835 | D:6      | Reached XP level 9. HP: 83/83 MP: 0/8
  4984 | D:6      | Found a burning altar of Makhleb.
  4984 | D:6      | Noticed an Executioner
  4987 | D:6      | Noticed a smoke demon
  5273 | D:6      | Reached skill level 4 in Fighting
  5289 | D:6      | Found a white marble altar of Elyvilon.
  5320 | D:6      | Noticed a deep elf mage
  5325 | D:6      | Killed a deep elf mage
  5516 | D:7      | Reached skill level 12 in Unarmed Combat
  5582 | D:7      | Found a hazy altar of Hepliaklqana.
  5595 | D:7      | Reached skill level 5 in Fighting
  5595 | D:7      | Reached skill level 1 in Invocations
  5621 | D:7      | Found Keihy's Food Emporium.
  5691 | D:7      | Found Xuacabov's Armour Shoppe.
  5699 | D:7      | Bought a +2 cloak for 198 gold pieces
  5758 | D:7      | Found a blossoming altar of Fedhas.
  5772 | D:7      | Reached skill level 2 in Invocations
  5853 | D:7      | Reached skill level 3 in Invocations
  5875 | D:7      | Found Kasasehoits's Jewellery Boutique.
  5881 | D:7      | Reached skill level 6 in Fighting
  5942 | D:7      | Noticed a troll
  5947 | D:7      | Reached ****** piety under Cheibriados
  5950 | D:7      | Killed a troll
  5950 | D:7      | Reached XP level 10. HP: 47/98 MP: 6/11
  6285 | D:7      | Found a shattered altar of Ashenzari.
  6285 | D:7      | Found Izogh's Antique Weapon Boutique.
  6396 | D:7      | Found Jyotyf's Magic Scroll Shoppe.
  6399 | D:7      | Bought a scroll of fog for 30 gold pieces
  6399 | D:7      | Bought a scroll of identify for 30 gold pieces
  6399 | D:7      | Bought a scroll of identify for 30 gold pieces
  6530 | D:8      | Reached skill level 4 in Invocations
  6666 | D:8      | Reached skill level 3 in Dodging
  6707 | D:8      | Found a sacrificial altar of Ru.
  6990 | D:9      | Reached skill level 5 in Invocations
  7000 | D:9      | Reached skill level 1 in Shields
  7001 | D:9      | Reached skill level 2 in Shields
  7027 | D:9      | Reached skill level 3 in Shields
  7027 | D:9      | Reached skill level 6 in Invocations
  7148 | D:9      | Found a staircase to the Lair.
  7173 | D:9      | Reached skill level 4 in Shields
  7340 | D:10     | Entered Level 10 of the Dungeon
  7446 | D:10     | Reached skill level 7 in Invocations
  7452 | D:10     | Reached XP level 11. HP: 105/105 MP: 15/15
  7591 | D:10     | Reached skill level 5 in Shields
  7745 | D:10     | Found a staircase to the Orcish Mines.
  7929 | D:10     | Found a bloodstained altar of Trog.
  7931 | D:10     | Noticed a wizard
  7935 | D:10     | Killed a wizard
  8006 | D:10     | Found Soklal's Armour Emporium.
  8165 | D:9      | Reached skill level 8 in Invocations
  8319 | D:9      | Found a radiant altar of Vehumet.
  8602 | D:11     | Noticed a deep elf mage
  8602 | D:11     | Noticed a six-headed hydra
  8606 | D:11     | Killed a deep elf mage
  8606 | D:11     | Reached skill level 6 in Shields
  8610 | D:11     | Mangled by a six-headed hydra

Skill      XL: |  1  2  3  4  5  6  7  8  9 10 11 |
---------------+----------------------------------+-----
Unarmed Combat | 4 5 6 8 9 11 12 | 12.0
Fighting       | 3 6 |  6.2
Invocations    | 3 7 8 |  8.6
Dodging        | 3 |  3.6
Shields        | 4 6 |  6.2
Stealth        | |  1.1

Vault maps used:
D:1:      sevenhm_arrival_forest_fort_large_2
D:2:      minmay_liquid_box, st_stairs_12
D:3:      nicolae_overflow_crystal_walls, nicolae_overflow_hidden_temple,
          ecumenical_altar_2
D:4:      kennysheep_spiral_hall, kennysheep_generic_room_7, uniq_sigmund,
          uniq_natasha, uniq_duvessa
D:5:      minmay_opposing_rooms, lemuel_crystal_altar, first_bread, basic_altar,
          kennysheep_generic_room_13, uniq_crazy_yiuf_cottage,
          uniq_blork_the_orc
D:6:      makhleb_altar_promises_db, basic_altar, guppyfry_early_elven_hall
D:7:      kennysheep_mini_moat, lemuel_crystal_altar, fedhas_altar_3,
          serial_shops, nicolae_shop_temple_entry_statues_fountains,
          nicolae_shop_overgrown_old_shop, kennysheep_mini,
          nicolae_shop_statue_plus, shop
D:8:      lemuel_coloured_pillars_altar
D:9:      erik_lair_island, david_nohive_1, minmay_ruined_shrine
D:10:     orc_0_dummy, serial_shops, shop, trog_wizard
D:11:     jmf_multi_god_temple2, uniq_psyche
Temple:   nicolae_temple_figure_eight

Vanquished Creatures
  2 deep elf magi
  A wizard
  A manticore
  A centaur skeleton
  A queen bee
  2 trolls
  A meliai zombie Sigmund
  2 wraiths
  9 yaks
  A vampire
  4 hippogriffs
  3 hungry ghosts Duvessa
  An orc warrior
  An ice beast
  A black bear
  4 phantoms
  3 necrophages
  3 sky beasts
  2 ogres
  5 wolves
  A crocodile
  2 centaurs Blork the orc
  10 giant frogs
  A gnoll sergeant
  A wyvern zombie Dowan
  A wyvern skeleton
  5 scorpions
  9 wights
  18 killer bees
  4 howler monkeys
  9 crimson imps
  A centaur zombie
  2 jellies
  A quasit
  5 hounds
  6 orc priests Crazy Yiuf
  A gnoll shaman
  A giant frog skeleton
  4 iguanas
  Natasha (thrice)
  8 orc wizards
  7 worker ants
  A killer bee zombie
  2 hound zombies
  3 hound skeletons
  3 worker ant zombies
  8 adders
  12 gnolls
  3 shadow imps
  An ooze
  An adder zombie
  2 adder skeletons
  2 worms
  4 dart slugs
  6 giant geckos
  31 orcs
  4 giant cockroaches
  8 goblins
  8 hobgoblins
  15 jackals
  13 kobolds
  11 quokkas
  2 ball pythons
  4 bats
  A giant gecko skeleton
  A giant gecko zombie
  10 giant newts
  A quokka zombie
  7 rats
  4 fungi
  A plant
322 creatures vanquished.
